 Dungeon Crawl Stone Soup version 0.24.0-123-gd5b16e6ec5 (webtiles) character file.

Game seed: 12116381747617743386, levelgen mode: deterministic

127369 Pocketmage the Covert (level 17, -6/117 HPs)
             Began as a Gnoll Summoner on Nov 17, 2019.
             Was the Champion of Hepliaklqana.
             Killed from afar by Bai Suzhen (58 damage)
             ... with a torrent of water
             ... on level 3 of the Swamp on Jan 1, 2020.
             The game lasted 03:45:56 (34826 turns).

Pocketmage the Covert (Gnoll Summoner)             Turns: 34826, Time: 03:45:57

Health: -6/117     AC: 24    Str: 15    XL:     17   Next: 1%
Magic:  23/32      EV: 19    Int: 23    God:    Hepliaklqana [******]
Gold:   397        SH: 15    Dex: 16    Spells: 10/39 levels left

rFire    + . .     SeeInvis .   a - +6 trident (freeze)
rCold    . . .     Gourm    .   K - +0 shield
rNeg     . . .     Faith    .   L - +4 scale mail "Raicwunu" {rPois rF+}
rPois    +         Spirit   .   I - +1 helmet
rElec    .         Reflect  +   D - +0 cloak
rCorr    .         Harm     .   k - +0 pair of gloves "Wepn" {MR++ Regen+ Str+3 Stlth+}
MR       +++..                  W - +2 pair of boots
Stlth    +++.......             p - +3 amulet of reflection
HPRegen  0.69/turn              y - +3 ring of evasion
MPRegen  0.23/turn              M - +3 ring of protection

@: hasted, studying 2 skills, slow
A: distributed training, reduced essence, fangs 1, strong nose
a: Recall Ancestor, Ancestor Identity, Transference, Idealise, Renounce Religion


You were on level 3 of the Swamp.
You worshipped Hepliaklqana.
Hepliaklqana was exalted by your worship.
You were not hungry.

You visited 5 branches of the dungeon, and saw 27 of its levels.
You also visited: Ice Cave.

You collected 2616 gold pieces.
You spent 2219 gold pieces at shops.

Inventory:

Hand Weapons
 a - a +6 trident of freezing (weapon)
 V - the +8 war axe "Demon's Funeral" {venom, Int+4 Dex+4}
   (You found it on level 9 of the Dungeon)

   It poisons the flesh of those it strikes.
   It affects your intelligence (+4).
   It affects your dexterity (+4).
Missiles
 m - 50 poisoned darts (quivered)
 q - 6 curare-tipped darts
 Q - 2 throwing nets
Armour
 k - the +0 pair of gloves "Wepn" (worn) {MR++ Regen+ Str+3 Stlth+}
   (You acquired it on level 2 of the Orcish Mines)

   It affects your strength (+3).
   It affects your resistance to hostile enchantments.
   It increases your rate of regeneration.
   It makes you more stealthy.
 D - a +0 cloak (worn)
 I - a +1 helmet (worn)
 K - a +0 shield (worn)
 L - the +4 scale mail "Raicwunu" (worn) {rPois rF+}
   (You found it on level 6 of the Lair of Beasts)

   It protects you from fire.
   It protects you from poison.
 W - a +2 pair of boots (worn)
Jewellery
 f - an uncursed ring of see invisible
 j - an uncursed ring of protection from fire
 p - a +3 amulet of reflection (around neck)
 y - a +3 ring of evasion (left hand)
 F - an uncursed ring of protection from cold
 G - an uncursed ring of positive energy
 M - a +3 ring of protection (right hand)
Wands
 v - a wand of disintegration (62)
 x - a wand of iceblast (18)
 N - a wand of paralysis (31)
 T - a wand of enslavement (11)
 X - a wand of scattershot (14)
Scrolls
 e - 18 scrolls of teleportation
 l - a scroll of silence
 n - 4 scrolls of fog
 o - 2 scrolls of amnesia
 z - 5 scrolls of fear
 E - a scroll of magic mapping
 H - 12 scrolls of identify
 J - 8 scrolls of remove curse
 R - 3 scrolls of blinking
 Y - a scroll of vulnerability
Potions
 d - 3 potions of heal wounds
 g - 4 potions of flight
 h - 8 potions of curing
 i - 5 potions of berserk rage
 r - 3 potions of haste
 s - 2 potions of agility
 u - 3 potions of lignification
 w - a potion of brilliance
 A - 3 potions of might
 B - a potion of cancellation
 P - a potion of invisibility
 Z - a potion of magic
Books
 C - a manual of Fire Magic
 S - a manual of Stealth
Miscellaneous
 b - a phantom mirror
 t - 2 sacks of spiders
 U - a lightning rod (2/4)
Comestibles
 c - 37 rations


   Skills:
 + Level 10.9 Fighting
 + Level 10.9 Short Blades
 + Level 10.9 Long Blades
 + Level 10.9 Axes
 + Level 10.9 Maces & Flails
 + Level 10.9 Polearms
 + Level 10.9 Staves
 + Level 10.9 Slings
 + Level 10.9 Bows
 + Level 10.9 Crossbows
 + Level 10.9 Throwing
 + Level 10.9 Armour
 + Level 11.7 Dodging
 + Level 14.3 Stealth
 + Level 10.9 Shields
 + Level 10.9 Unarmed Combat
 + Level 11.9 Spellcasting
 + Level 9.3 Conjurations
 + Level 9.3 Hexes
 + Level 9.3 Charms
 + Level 11.5 Summonings
 + Level 9.3 Necromancy
 + Level 9.3 Translocations
 + Level 9.3 Transmutations
 + Level 10.0 Fire Magic
 + Level 9.3 Ice Magic
 + Level 9.3 Air Magic
 + Level 9.3 Earth Magic
 + Level 9.3 Poison Magic
 + Level 11.8 Invocations
 + Level 10.9 Evocations


You had 10 spell levels left.
You knew the following spells:

 Your Spells              Type           Power        Failure   Level  Hunger
a - Summon Small Mammal   Summ           ####         1%          1    None
b - Call Imp              Summ           ######..     1%          2    None
c - Call Canine Familiar  Summ           ######..     1%          3    None
d - Confusing Touch       Hex            ######       1%          1    None
e - Mephitic Cloud        Conj/Pois/Air  ######..     1%          3    None
f - Summon Lightning Spi  Summ/Air       ######..     3%          4    None
g - Borgnjor's Vile Clut  Necr/Erth      ######....   14%         5    ####...
h - Fireball              Conj/Fire      ######....   12%         5    ####...
i - Bolt of Magma         Conj/Fire/Erth ######....   13%         5    ####...

Your spell library contained the following spells:

 Spells                   Type           Power        Failure   Level  Hunger
 Animate Skeleton         Necr           N/A          1%          1    None
 Apportation              Tloc           ######       1%          1    None
 Corona                   Hex            ######.      1%          1    None
 Flame Tongue             Conj/Fire      #####        1%          1    None
 Infusion                 Chrm           ####         1%          1    None
 Magic Dart               Conj           ####         1%          1    None
 Blink                    Tloc           N/A          1%          2    None
 Poisonous Vapours        Pois/Air       ######       1%          2    None
 Shroud of Golubria       Chrm/Tloc      ######       1%          2    None
 Slow                     Hex            ######..     1%          2    None
 Song of Slaying          Chrm           ######..     1%          2    None
 Throw Flame              Conj/Fire      ######       1%          2    None
 Conjure Flame            Conj/Fire      ######..     1%          3    None
 Inner Flame              Hex/Fire       ######..     1%          3    None
 Portal Projectile        Hex/Tloc       ######       1%          3    None
 Recall                   Summ/Tloc      N/A          1%          3    None
 Regeneration             Chrm/Necr      ######....   1%          3    None
 Spectral Weapon          Hex/Chrm       ######..     1%          3    None
 Summon Guardian Golem    Hex/Summ       ######..     1%          3    None
 Summon Ice Beast         Ice/Summ       ######..     3%          4    None
 Animate Dead             Necr           N/A          4%          4    None
 Cause Fear               Hex            ######....   4%          4    None
 Ice Form                 Ice/Tmut       ######..     4%          4    None
 Leda's Liquefaction      Hex/Erth       ######....   4%          4    None
 Sticky Flame             Conj/Fire      ######..     4%          4    None
 Excruciating Wounds      Chrm/Necr      ######....   14%         5    ####...
 Iskenderun's Battlesphe  Conj/Chrm      ######..     14%         5    ####...
 Metabolic Englaciation   Hex/Ice        ######....   14%         5    ####...
 Silence                  Hex/Air        ######....   14%         5    ####...
 Venom Bolt               Conj/Pois      ######....   14%         5    ####...
 Yara's Violent Unravell  Hex/Tmut       ######....   14%         5    ####...
 Bolt of Cold             Conj/Ice       ######....   61%         6    #####..
 Death Channel            Necr           ######....   61%         6    #####..
 Deflect Missiles         Chrm/Air       ######....   61%         6    #####..
 Freezing Cloud           Conj/Ice/Air   ######....   61%         6    #####..
 Iron Shot                Conj/Erth      ######....   61%         6    #####..
 Ozocubu's Refrigeration  Ice            ######....   61%         6    #####..
 Simulacrum               Ice/Necr       ######....   61%         6    #####..
 Monstrous Menagerie      Summ           ######....   86%         7    #######
 Summon Greater Demon     Summ           ######....   86%         7    #######
 Malign Gateway           Summ/Tloc      ######....   95%         7    #######
 Spellforged Servitor     Conj/Summ      ######....   95%         7    #######
 Ring of Flames           Chrm/Fire      ######....   98%         7    #######
 Orb of Destruction       Conj           ######....   99%         7    #######
 Discord                  Hex            ######....   100%        8    #######
 Summon Horrible Things   Summ           ######....   100%        8    #######


Dungeon Overview and Level Annotations

Branches:
Dungeon (15/15)            Temple (1/1) D:5            Lair (6/6) D:8
  Swamp (3/4) Lair:3       Spider (0/4) Lair:3        Slime (0/5) Lair:5
    Orc (2/2) D:12            Elf (0/3) Orc:2        Vaults (0/5) D:14
 Depths (0/5) D:15          IceCv (visited)

Altars:
Ashenzari
Cheibriados
Dithmenos
Elyvilon
Fedhas
Gozag
Hepliaklqana
Kikubaaqudgha
Makhleb
Nemelex Xobeh
Okawaru
Qazlal
Ru
Sif Muna
Trog
Uskayaw
Vehumet
Wu Jian
Xom
Yredelemnul
Zin
The Shining One
Jiyva

Shops:
Orc:1 [   Orc:2 ?:(*?=[

Annotations:
D:15 1 runed translucent door, Geveuwo's ghost, journeyman TrMo
Lair:3 exclusion: 4 oklob plants
Lair:4 exclusion: oklob plant
Swamp:1 Roxanne
Swamp:3 Bai Suzhen


Innate Abilities, Weirdness & Mutations

Your experience applies equally to all skills.
You have very sharp teeth.
Your uncanny sense of smell can sniff out nearby items.
Your life essence is reduced to manifest your ancestor. (-10% HP)


Message History

Casting: Summon Lightning Spire (safe; 3% risk of failure)
Confirm with . or Enter, or press ? or * to list all spells.
Aiming: Summon Lightning Spire (safe; 3% risk of failure)
Press: ? - help, Dir - move target cursor, p - Bai Suzhen An electric hum fills the air.
You are standing in a thunderstorm.
You hit Bai Suzhen. You freeze Bai Suzhen. Your bite misses Bai Suzhen.
Bai Suzhen is heavily wounded.
You are standing in a thunderstorm.
Bai Suzhen bites you! You block Bai Suzhen's attack.
Bai Suzhen tramples you but does no damage.
You are too injured to fight recklessly!
Your shield and scale mail "Raicwunu" prevent you from hitting Bai Suzhen.
Bai Suzhen is heavily wounded.
You are standing in a thunderstorm.
You barely miss Bai Suzhen.
Bai Suzhen is heavily wounded.
You are standing in a thunderstorm.
You are struck by lightning!
Bai Suzhen breathes water at you. The torrent of water hits you!!!
You die...

.≈♣♣♣♣♣.♣.♣♣≈♣≈♣
≈§≈......♣♣♣≈≈≈♣
.≈≈≈≈≈≈..♣ ♣.≈≈♣
≈≈♣≈≈≈≈≈♣♣ ♣≈≈.♣♣
≈≈≈≈≈≈♣≈♣ ♣≈≈..♣
...≈≈≈..≈♣♣♣§≈..♣♣
.♣...≈.♣≈♣♣.≈≈≈†.♣
.♣♣♣...♣≈♣♣♣≈..8♣♣
♣♣ ♣♣♣.|.♣ ♣♣.≈≈@♣
♣ ♣≈ ♣.≈§D♣ ♣
♣.≈§§♣♣ ♣ ♣.≈≈≈≈♣
♣.≈♣≈≈♣♣ ♣.≈≈≈)≈♣
♣.≈≈≈≈)♣ ♣.≈≈♣≈...
♣.≈≈≈≈.≈♣..


You could see Bai Suzhen and a friendly lightning spire.

Vanquished Creatures
  Nikola (Swamp:1)
  Rupert (Lair:5)
  Jorgrun (D:13)
  Frances (D:13)
  An orc warlord (Orc:2)
  An ironheart preserver (D:14)
  A white draconian (IceCv)
  Harold (D:8)
  9 hydras
  A ghost crab (Swamp:2)
  A catoblepas (Lair:6)
  2 centaur warriors (D:13)
  4 two-headed ogres
  7 alligators
  2 tengu warriors
  An orc high priest (Orc:1)
  Urug (D:12)
  An unseen horror (D:11)
  A swamp dragon (Swamp:2)
  3 orc knights
  A wizard (D:15)
  Pikel (D:6)
  A necromancer (D:15)
  A manticore (D:12)
  4 ugly things
  An orc sorcerer (Orc:2)
  A cyclops (D:13)
  6 black mambas
  A naga mage (D:15)
  5 spiny frogs
  A gargoyle (D:13)
  The ghost of FishyPogo the Grave Robber, a novice DsNe of Cheibriados (D:5)
  A rime drake (Lair:1)
  An ice devil (Lair:6)
  6 komodo dragons
  A tengu conjurer (D:15)
  5 trolls
  A polar bear (shapeshifter) (D:14)
  Grinder (D:6)
  14 polar bears
  A hornet (Swamp:3)
  4 tyrant leeches
  15 blink frogs
  3 bog bodies
  8 hippogriffs
  4 slime creatures
  3 meliai zombies
  10 dream sheep
  A vampire (D:15)
  44 yaks
  A wraith (D:15)
  A wyvern (Lair:4)
  3 shadows
  A fire bat (D:13)
  5 basilisks
  A fire elemental (Orc:2)
  A hungry ghost (D:14)
  A vampire mosquito (Swamp:2)
  7 swamp worms
  7 wargs
  10 insubstantial wisps
  A soldier ant (D:15)
  3 water moccasins
  4 acid dragons
  8 hell hounds
  4 swamp drakes (Swamp:2)
  9 black bears
  18 orc warriors
  8 porcupines
  2 phantoms
  A hornet zombie (D:15)
  2 sky beasts
  3 ice beasts
  5 ogres
  A slave (D:6)
  3 necrophages
  32 wolves
  11 centaurs
  8 crocodiles
  2 big kobolds (D:11)
  11 bullfrogs
  2 scorpions
  2 hexers
  6 killer bees
  A wight (D:5)
  A howler monkey (D:13)
  2 electric eels
  2 crimson imps
  3 bullfrog zombies
  7 orc priests
  4 hounds
  A quasit (D:6)
  5 jellies
  4 centaur zombies
  5 orc wizards
  2 iguanas
  6 centaur skeletons
  6 worker ants
  A statue (D:9)
  A hound skeleton (D:5)
  A worker ant zombie (D:5)
  10 adders
  2 shadow imps
  An ooze (D:2)
  2 worms
  A dart slug (D:2)
  8 leopard geckos
  45 orcs
  3 ball pythons
  4 bats (D:1)
  2 giant cockroaches
  8 goblins
  5 hobgoblins
  11 jackals
  A quokka (D:2)
  8 frilled lizards
  16 kobolds
  A quokka skeleton (D:4)
  3 rats
  A bush (Lair:2)
  2 fire vortices (D:15)
  2 plants (Lair:6)
560 creatures vanquished.

Vanquished Creatures (collateral kills)
  2 thorn hunters
  Azrael (Orc:2)
  The ghost of Loywebes the Blocker, a journeyman MiFi of Makhleb (Lair:3)
  A fire dragon (D:13)
  Fannar (Lair:1)
  9 hydras
  A catoblepas (Lair:2)
  A centaur warrior (D:14)
  An alligator (Swamp:3)
  3 death yaks
  2 two-headed ogres
  The ghost of ciphuk the Martial Artist, a novice OpBe of Trog (D:8)
  2 swamp dragons (Swamp:3)
  6 orc sorcerers
  A deep elf mage (D:15)
  2 ugly things
  2 cyclopes (D:14)
  4 elephants (Lair:5)
  5 spiny frogs
  2 black mambas
  An ice statue (IceCv)
  A naga mage (D:15)
  3 centaur skeletons (D:15)
  6 komodo dragons
  2 rime drakes
  3 trolls
  An ice devil (Lair:6)
  2 tyrant leeches
  A hornet (D:9)
  7 polar bears
  2 bog bodies
  2 hippogriffs (D:11)
  9 dream sheep
  5 blink frogs
  A wraith (D:12)
  A spriggan (Swamp:3)
  6 fire bats (D:13)
  21 yaks
  2 basilisks
  A fire elemental (Orc:2)
  A hungry ghost (D:10)
  Eustachio (D:6)
  Grum (D:8)
  3 swamp worms
  4 water moccasins
  3 insubstantial wisps
  2 wargs (Lair:6)
  2 porcupines
  11 hell hounds
  A swamp drake (Swamp:3)
  10 orc warriors
  A slave (D:6)
  3 black bears (Lair:6)
  A phantom (D:8)
  14 wolves
  8 ogres
  A centaur (D:6)
  4 crocodiles
  A big kobold (D:11)
  8 bullfrogs
  3 scorpions
  2 killer bees (D:8)
  4 wights (D:5)
  2 howler monkeys
  2 crimson imps
  A bullfrog zombie (D:10)
  A hound (D:14)
  3 jellies
  2 bullfrog skeletons
  2 orc priests
  An iguana (D:8)
  3 orc wizards
  4 worker ants
  3 gnolls (D:4)
  10 adders
  A worm (D:2)
  31 orcs
  3 bats
  A giant cockroach (D:1)
  A hobgoblin (D:1)
  7 jackals
  3 kobolds
  A quokka (D:5)
  A ball python (D:1)
  4 frilled lizards (D:1)
  3 rats
  A briar patch (Swamp:2)
  A butterfly (Lair:5)
  A plant (Lair:4)
307 creatures vanquished.

Vanquished Creatures (others)
  2 vampire mosquitoes (Swamp:2)
  A slave (D:6)
  2 centaurs
  A bullfrog (D:11)
  45 hexers
  5 ancestors
  A briar patch (Swamp:2)
  12 fungi
  17 plants
86 creatures vanquished.

Grand Total: 953 creatures vanquished

Notes
Turn   | Place    | Note
-------+----------+-------------------------------------------
     0 | D:1      | Pocketmage the Gnoll Summoner began the quest for the Orb.
     0 | D:1      | Reached XP level 1. HP: 13/13 MP: 6/6
   333 | D:1      | Reached XP level 2. HP: 19/19 MP: 7/7
   348 | D:1      | Learned a level 2 spell: Call Imp
   757 | D:1      | Upgraded the game from 0.24.0-35-gdb84b6a5db to
                  | 0.24.0-123-gd5b16e6ec5
   973 | D:1      | Reached XP level 3. HP: 24/25 MP: 9/9
   983 | D:1      | Reached skill level 5 in Spellcasting
  1578 | D:2      | Reached skill level 1 in Invocations
  1658 | D:2      | Reached skill level 1 in Fighting
  1658 | D:2      | Reached skill level 1 in Short Blades
  1658 | D:2      | Reached skill level 1 in Long Blades
  1658 | D:2      | Reached skill level 1 in Axes
  1658 | D:2      | Reached skill level 1 in Maces & Flails
  1658 | D:2      | Reached skill level 1 in Polearms
  1658 | D:2      | Reached skill level 1 in Staves
  1658 | D:2      | Reached skill level 1 in Slings
  1658 | D:2      | Reached skill level 1 in Bows
  1658 | D:2      | Reached skill level 1 in Crossbows
  1658 | D:2      | Reached skill level 1 in Throwing
  1658 | D:2      | Reached skill level 1 in Armour
  1658 | D:2      | Reached skill level 1 in Shields
  1658 | D:2      | Reached skill level 1 in Unarmed Combat
  1658 | D:2      | Reached skill level 1 in Evocations
  1671 | D:2      | Reached XP level 4. HP: 11/32 MP: 11/11
  2323 | D:2      | Learned a level 3 spell: Call Canine Familiar
  2498 | D:3      | Reached skill level 1 in Conjurations
  2498 | D:3      | Reached skill level 1 in Hexes
  2498 | D:3      | Reached skill level 1 in Charms
  2498 | D:3      | Reached skill level 1 in Necromancy
  2498 | D:3      | Reached skill level 1 in Translocations
  2498 | D:3      | Reached skill level 1 in Transmutations
  2498 | D:3      | Reached skill level 1 in Fire Magic
  2498 | D:3      | Reached skill level 1 in Ice Magic
  2498 | D:3      | Reached skill level 1 in Air Magic
  2498 | D:3      | Reached skill level 1 in Earth Magic
  2498 | D:3      | Reached skill level 1 in Poison Magic
  3069 | D:4      | Reached XP level 5. HP: 25/37 MP: 9/12
  3192 | D:4      | Noticed an ogre
  3197 | D:4      | Killed an ogre
  3493 | D:4      | Reached XP level 6. HP: 29/44 MP: 7/13
  4061 | D:5      | Entered Level 5 of the Dungeon
  4153 | D:5      | Reached skill level 5 in Dodging
  4318 | D:5      | Reached XP level 7. HP: 42/50 MP: 13/15
  4495 | D:5      | Found a runed translucent door.
  4495 | D:5      | Noticed FishyPogo's ghost (novice DsNe)
  5006 | D:5      | Reached skill level 5 in Stealth
  5234 | D:5      | Noticed a hippogriff
  5243 | D:5      | Killed a hippogriff
  5243 | D:5      | Reached XP level 8. HP: 49/57 MP: 5/16
  5286 | D:5      | Found a staircase to the Ecumenical Temple.
  5294 | Temple   | Entered the Ecumenical Temple
  5382 | Temple   | Became a worshipper of Hepliaklqana the Forgotten
  5613 | D:6      | Found a shimmering altar of Xom.
  5613 | D:6      | Found a glowing silver altar of Zin.
  5613 | D:6      | Noticed an angel
  5702 | D:6      | Learned a level 1 spell: Confusing Touch
  5982 | D:6      | Noticed Eustachio
  6032 | D:6      | Killed Eustachio
  6197 | D:6      | Noticed Pikel
  6222 | D:6      | Killed Pikel
  6222 | D:6      | Reached XP level 9. HP: 49/58 MP: 7/18
  6305 | D:6      | Found a snail-covered altar of Cheibriados.
  6460 | D:6      | Found a shimmering blue altar of Sif Muna.
  6518 | D:6      | Noticed Grinder
  6528 | D:6      | Killed Grinder
  6533 | D:6      | Learned a level 3 spell: Mephitic Cloud
  6538 | D:6      | Learned a level 4 spell: Summon Lightning Spire
  6620 | D:6      | Reached skill level 6 in Stealth
  6695 | D:6      | Found a glowing golden altar of the Shining One.
  6695 | D:6      | Found an ornate altar of the Wu Jian Council.
  6695 | D:6      | Reached * piety under Hepliaklqana
  6923 | D:7      | Found a stormy altar of Qazlal.
  6967 | D:7      | Found an ancient bone altar of Kikubaaqudgha.
  7076 | D:7      | Found an iron altar of Okawaru.
  7174 | D:7      | Found a shattered altar of Ashenzari.
  7486 | D:5      | Killed FishyPogo's ghost
  7652 | D:8      | Found a runed translucent gate.
  7652 | D:8      | Found a runed translucent gate.
  7654 | D:8      | Found a runed translucent gate.
  7656 | D:8      | Noticed ciphuk's ghost (novice OpBe)
  7658 | D:8      | Found a viscous altar of Jiyva.
  7686 | D:8      | Reached skill level 5 in Invocations
  8021 | D:8      | Found a staircase to the Lair.
  8035 | D:8      | Reached XP level 10. HP: 42/65 MP: 5/20
  8123 | D:8      | Reached skill level 5 in Fighting
  8123 | D:8      | Reached skill level 5 in Short Blades
  8123 | D:8      | Reached skill level 5 in Long Blades
  8123 | D:8      | Reached skill level 5 in Axes
  8123 | D:8      | Reached skill level 5 in Maces & Flails
  8123 | D:8      | Reached skill level 5 in Polearms
  8123 | D:8      | Reached skill level 5 in Staves
  8123 | D:8      | Reached skill level 5 in Slings
  8123 | D:8      | Reached skill level 5 in Bows
  8123 | D:8      | Reached skill level 5 in Crossbows
  8123 | D:8      | Reached skill level 5 in Throwing
  8123 | D:8      | Reached skill level 5 in Armour
  8123 | D:8      | Reached skill level 5 in Shields
  8123 | D:8      | Reached skill level 5 in Unarmed Combat
  8123 | D:8      | Reached skill level 5 in Evocations
  8406 | D:8      | Noticed Harold
  8428 | D:8      | Killed Harold
  8520 | D:8      | Noticed a two-headed ogre
  8528 | D:8      | Killed a two-headed ogre
  8571 | D:8      | Reached skill level 7 in Stealth
  8747 | D:8      | Reached ** piety under Hepliaklqana
  8748 | D:8      | Remembered your ancestor Zulima as a hexer
  8775 | D:8      | Noticed Grum
  8791 | D:8      | Killed Grum
  8791 | D:8      | Reached XP level 11. HP: 53/72 MP: 11/22
  8976 | D:8      | Found an iron altar of Okawaru.
  8999 | D:8      | Found a bloodstained altar of Trog.
  9258 | D:9      | Found a radiant altar of Vehumet.
 10291 | D:9      | Got an iridescent war axe
 10292 | D:9      | Identified the +8 war axe "Demon's Funeral" {venom, Int+4
                  | Dex+4} (You found it on level 9 of the Dungeon)
 10432 | D:10     | Entered Level 10 of the Dungeon
 10562 | D:10     | Reached skill level 5 in Conjurations
 10562 | D:10     | Reached skill level 5 in Hexes
 10562 | D:10     | Reached skill level 5 in Charms
 10562 | D:10     | Reached skill level 5 in Necromancy
 10562 | D:10     | Reached skill level 5 in Translocations
 10562 | D:10     | Reached skill level 5 in Transmutations
 10562 | D:10     | Reached skill level 5 in Fire Magic
 10562 | D:10     | Reached skill level 5 in Ice Magic
 10562 | D:10     | Reached skill level 5 in Air Magic
 10562 | D:10     | Reached skill level 5 in Earth Magic
 10562 | D:10     | Reached skill level 5 in Poison Magic
 10981 | D:11     | Reached *** piety under Hepliaklqana
 11057 | D:11     | Noticed a white ugly thing
 11072 | D:11     | Killed a white ugly thing
 11264 | D:11     | Reached skill level 8 in Stealth
 11788 | D:11     | Noticed a four-headed hydra
 11968 | D:11     | Killed an unseen horror
 12181 | D:11     | Killed a four-headed hydra
 12527 | D:8      | Reached XP level 12. HP: 80/80 MP: 13/24
 12541 | D:8      | Killed ciphuk's ghost
 12736 | Lair:1   | Entered Level 1 of the Lair of Beasts
 12846 | Lair:1   | Noticed Fannar
 13028 | Lair:1   | Killed Fannar
 13028 | Lair:1   | Reached skill level 9 in Stealth
 13624 | Lair:1   | Reached skill level 10 in Stealth
 13624 | Lair:1   | Reached XP level 13. HP: 87/87 MP: 24/26
 13631 | Lair:1   | Learned a level 5 spell: Borgnjor's Vile Clutch
 13877 | Lair:2   | Reached **** piety under Hepliaklqana
 15427 | Lair:3   | Found a staircase to the Swamp.
 16055 | Lair:3   | Found a hole to the Spider Nest.
 16185 | Lair:3   | Found a runed translucent door.
 16187 | Lair:3   | Noticed Loywebes's ghost (journeyman MiFi)
 16752 | Lair:4   | Reached ***** piety under Hepliaklqana
 17479 | Lair:4   | Reached skill level 10 in Summonings
 17597 | Lair:4   | Got an ancient robe
 17608 | Lair:4   | Identified the +0 robe of Articulation {MR+} (You found it
                  | on level 4 of the Lair of Beasts)
 17777 | Lair:4   | Reached skill level 11 in Stealth
 17784 | Lair:4   | Reached XP level 14. HP: 94/95 MP: 27/27
 18118 | Lair:4   | Reached skill level 10 in Spellcasting
 18422 | Lair:5   | You fall into a shaft and drop 1 floor!
 18422 | Lair:6   | Entered Level 6 of the Lair of Beasts
 18476 | Lair:6   | Found a frozen archway.
 18493 | IceCv    | Entered an ice cave
 18984 | IceCv    | Reached skill level 10 in Dodging
 19667 | IceCv    | Noticed a white draconian
 19715 | IceCv    | Killed a white draconian
 20540 | Lair:6   | Reached skill level 12 in Stealth
 20540 | Lair:6   | Reached skill level 10 in Invocations
 21275 | Lair:5   | Found a viscous altar of Jiyva.
 21275 | Lair:5   | Found a staircase to the Slime Pits.
 21335 | Lair:5   | Reached XP level 15. HP: 61/101 MP: 17/29
 21577 | Lair:5   | Noticed Rupert
 21631 | Lair:5   | Killed Rupert
 22064 | Lair:5   | Got a pitted steel ring
 22173 | Lair:5   | Identified the ring "Vuohiup" {Str+2 Stlth-} (You found it
                  | on level 5 of the Lair of Beasts)
 23608 | Lair:6   | Got a jewelled scale mail
 23634 | Lair:6   | Identified the +4 scale mail "Raicwunu" {rPois rF+} (You
                  | found it on level 6 of the Lair of Beasts)
 24170 | D:12     | Noticed Urug
 24451 | D:12     | Killed Urug
 24827 | D:12     | Found a staircase to the Orcish Mines.
 24832 | Orc:1    | Entered Level 1 of the Orcish Mines
 24858 | Orc:1    | Reached ****** piety under Hepliaklqana
 25129 | Orc:1    | Found Zomunari's Antique Armour Shop.
 25469 | Orc:2    | Entered Level 2 of the Orcish Mines
 26110 | Orc:2    | Found Ycopnyl's Antique Weapon Shop.
 26306 | Orc:2    | Found Juotsowk's Jewellery Boutique.
 26329 | Orc:2    | Reached skill level 13 in Stealth
 26357 | Orc:2    | Found Wocuka's Magic Scroll Boutique.
 26386 | Orc:2    | Found Heasuisk's Antique Armour Shop.
 26435 | Orc:2    | Found Wasueddo's Book Shop.
 26811 | Orc:2    | Found Quhos's General Store.
 26846 | Orc:2    | Found a staircase to the Elven Halls.
 26936 | Orc:2    | Noticed Azrael
 27464 | Orc:2    | Killed Azrael
 27464 | Orc:2    | Reached skill level 10 in Fighting
 27464 | Orc:2    | Reached skill level 10 in Short Blades
 27464 | Orc:2    | Reached skill level 10 in Long Blades
 27464 | Orc:2    | Reached skill level 10 in Axes
 27464 | Orc:2    | Reached skill level 10 in Maces & Flails
 27464 | Orc:2    | Reached skill level 10 in Polearms
 27464 | Orc:2    | Reached skill level 10 in Staves
 27464 | Orc:2    | Reached skill level 10 in Slings
 27464 | Orc:2    | Reached skill level 10 in Bows
 27464 | Orc:2    | Reached skill level 10 in Crossbows
 27464 | Orc:2    | Reached skill level 10 in Throwing
 27464 | Orc:2    | Reached skill level 10 in Armour
 27464 | Orc:2    | Reached skill level 10 in Shields
 27464 | Orc:2    | Reached skill level 10 in Unarmed Combat
 27464 | Orc:2    | Reached skill level 10 in Evocations
 27629 | Orc:2    | Found Quiceo Gyarr's Magic Scroll Shoppe.
 27679 | Orc:2    | Noticed an orc warlord
 27707 | Orc:2    | Killed an orc warlord
 27905 | Orc:2    | Bought 2 scrolls of acquirement for 1664 gold pieces
 27914 | Orc:2    | Got a pair of dazzling gloves
 27920 | Orc:2    | Identified the +0 pair of gloves "Wepn" {MR++ Regen+ Str+3
                  | Stlth+} (You acquired it on level 2 of the Orcish Mines)
 27937 | Orc:2    | Bought a +3 amulet of reflection for 235 gold pieces
 27944 | Orc:2    | Got a pair of warped boots
 27955 | Orc:2    | Identified the +1 pair of boots of Woepuyn {rPois} (You
                  | acquired it on level 2 of the Orcish Mines)
 27991 | Orc:2    | Bought a scroll of brand weapon for 320 gold pieces
 28138 | D:13     | Found the +7 great mace "Firestarter" {inner flame, rF++}
 28216 | D:13     | Noticed Jorgrun
 28238 | D:13     | Killed Jorgrun
 28251 | D:13     | Noticed Frances
 28267 | D:13     | Killed Frances
 28637 | D:13     | Identified the Almanac of Vitriolic Good Luck
 28713 | D:13     | Reached XP level 16. HP: 91/109 MP: 31/31
 28734 | D:13     | Learned a level 5 spell: Fireball
 28740 | D:13     | Learned a level 5 spell: Bolt of Magma
 29536 | D:14     | Found a gate to the Vaults.
 30040 | D:15     | Entered Level 15 of the Dungeon
 30111 | D:15     | Found a runed translucent door.
 30111 | D:15     | Noticed Geveuwo's ghost (journeyman TrMo)
 30695 | D:15     | Found a radiant altar of Vehumet.
 31075 | D:15     | Found a staircase to the Depths.
 31423 | Lair:3   | Killed Loywebes's ghost
 31509 | Swamp:1  | Entered Level 1 of the Swamp
 31586 | Swamp:1  | Noticed Roxanne
 31646 | Swamp:1  | Noticed Nikola
 31650 | Swamp:1  | Killed Nikola
 31670 | Swamp:1  | Reached skill level 14 in Stealth
 33342 | Swamp:2  | Noticed a thorn hunter
 33354 | Swamp:2  | HP: 5/111 [thorn hunter/volley of thorns (31)]
 33620 | Swamp:2  | Killed a thorn hunter
 34257 | Swamp:3  | Noticed a thorn hunter
 34405 | Swamp:3  | Reached skill level 10 in Fire Magic
 34584 | Swamp:3  | Killed a thorn hunter
 34608 | Swamp:3  | Noticed Bai Suzhen
 34782 | Swamp:3  | Reached XP level 17. HP: 117/117 MP: 29/32
 34826 | Swamp:3  | Killed from afar by Bai Suzhen

Levels and vault maps discovered:
D:1:      psy_arrival_conway, layout_loops_corners,
          chequers_serial_rivers_small_3, minmay_lizard_pond
D:2:      layout_loops_ring
D:3:      layout_rooms, first_ration
D:4:      layout_basic
D:5:      layout_loops_ring, minmay_temple_entry_enclosed_plants,
          gammafunk_ghost_grave
D:6:      layout_cave_pods, grunt_temple_overflow_order_and_chaos_1,
          cheibriados_altar_1, nicolae_overflow_crystal_walls,
          gammafunk_temple_overflow_elements, grunt_ministairs_12, uniq_grinder,
          uniq_pikel, uniq_eustachio
D:7:      layout_basic, ashenzari_conservatory_becter,
          kiku_gazebo_garden_becter, marbit_many_paths, basic_altar,
          kennysheep_another_room
D:8:      layout_loops_ring, lemuel_crystal_altar, kennysheep_mini_moat,
          minmay_lair_entry_grove, gammafunk_ghost_ooze, minmay_manual_monolith,
          uniq_harold, uniq_grum
D:9:      layout_stronghold, vehumet_statue, grunt_pizzeria
D:10:     layout_rooms
D:11:     layout_basic
D:12:     layout_cave_pools, hiddenorc1_lemuel, uniq_urug
D:13:     minmay_firetagon, layout_loops_ring, uniq_jorgrun, uniq_frances
D:14:     layout_long_grid, skrybe_vaults_entry_preservation,
          chequers_decorated_corner
D:15:     grunt_enter_depths_magical_seal, layout_loops_corners,
          gammafunk_ghost_grave, old_standard_altar, nicolae_lava_and_water
Temple:   zaba_magenta_temple
Lair:1:   layout_loops_ring, uniq_fannar
Lair:2:   layout_cave_shapes, minmay_hedge_maze, minivault_24,
          beast_lair_carwin_6, lemuel_fruit_fields
Lair:3:   wander_river, layout_cave_pods, skrybe_swamp_entry_bodies,
          spider_nest_entry_web_field, ebering_ghost_reflecting_pool,
          serial_bayou_shore_b, grunt_megastairs_5, minmay_lair_oklob_chamber,
          serial_bayou_shore_b, serial_bayou_shore_a
Lair:4:   layout_long_grid, minmay_shattered_shrine
Lair:5:   layout_cave_pods, dpeg_slime_entry_enclosed_altar,
          lemuel_fruit_fields, serial_bayou_shore_b, uniq_rupert
Lair:6:   hangedman_lair_caniforms_friends, layout_long_grid,
          portal_ice_cave_demonic_guard
Swamp:1:  layout_basic_swamp, nicolae_swamp_treefoil, swamp_pool1, uniq_roxanne,
          uniq_nikola
Swamp:2:  layout_falls_marsh, nicolae_swamp_orc_logging_accident, swamp_pool1,
          ldierk_geyser
Swamp:3:  layout_falls_marsh, evilmike_swamp_ruin_house_4, swamp_pool3,
          uniq_bai_suzhen, uniq_donald
Orc:1:    layout_caves, serial_shops, shop
Orc:2:    grunt_orc_gardens, layout_caves, grunt_orc_garden, grunt_orc_garden,
          grunt_orc_garden, grunt_orc_garden, serial_shops, shop,
          nicolae_shop_waterfront, nicolae_shop_behind_doors, uniq_azrael

Skill      XL: |  1  2  3  4  5  6  7  8  9 10 11 12 13 14 15 16 |
---------------+-------------------------------------------------+-----
Spellcasting   | 5 6 7 8 9 10 11 | 11.9
Invocations    | 1 2 3 4 5 6 7 8 9 10 11 | 11.8
Fighting       | 1 2 3 4 5 6 7 8 9 10 | 10.9
Short Blades   | 1 2 3 4 5 6 7 8 9 10 | 10.9
Long Blades    | 1 2 3 4 5 6 7 8 9 10 | 10.9
Axes           | 1 2 3 4 5 6 7 8 9 10 | 10.9
Maces & Flails | 1 2 3 4 5 6 7 8 9 10 | 10.9
Polearms       | 1 2 3 4 5 6 7 8 9 10 | 10.9
Staves         | 1 2 3 4 5 6 7 8 9 10 | 10.9
Slings         | 1 2 3 4 5 6 7 8 9 10 | 10.9
Bows           | 1 2 3 4 5 6 7 8 9 10 | 10.9
Crossbows      | 1 2 3 4 5 6 7 8 9 10 | 10.9
Throwing       | 1 2 3 4 5 6 7 8 9 10 | 10.9
Armour         | 1 2 3 4 5 6 7 8 9 10 | 10.9
Shields        | 1 2 3 4 5 6 7 8 9 10 | 10.9
Unarmed Combat | 1 2 3 4 5 6 7 8 9 10 | 10.9
Evocations     | 1 2 3 4 5 6 7 8 9 10 | 10.9
Conjurations   | 1 2 3 4 5 6 7 8 9 |  9.3
Hexes          | 1 2 3 4 5 6 7 8 9 |  9.3
Charms         | 1 2 3 4 5 6 7 8 9 |  9.3
Necromancy     | 1 2 3 4 5 6 7 8 9 |  9.3
Translocations | 1 2 3 4 5 6 7 8 9 |  9.3
Transmutations | 1 2 3 4 5 6 7 8 9 |  9.3
Fire Magic     | 1 2 3 4 5 6 7 8 10 | 10.0
Ice Magic      | 1 2 3 4 5 6 7 8 9 |  9.3
Air Magic      | 1 2 3 4 5 6 7 8 9 |  9.3
Earth Magic    | 1 2 3 4 5 6 7 8 9 |  9.3
Poison Magic   | 1 2 3 4 5 6 7 8 9 |  9.3
Dodging        | 5 6 7 8 9 10 11 | 11.7
Stealth        | 5 6 7 8 10 11 12 13 14 | 14.3
Summonings     | 8 9 10 11 | 11.5

Action                   |  1- 3 |  4- 6 |  7- 9 | 10-12 | 13-15 | 16-18 || total
-------------------------+-------+-------+-------+-------+-------+-------++-------
Melee: Dagger            |   110 |   172 |       |       |       |       ||   282
       Unarmed           |     5 |       |       |       |       |       ||     5
       Bite              |     8 |    21 |    14 |    47 |   181 |    82 ||   353
       Trident           |       |    48 |   257 |   594 |  1700 |   700 ||  3299
       War axe           |       |       |       |     7 |       |       ||     7
 Fire: Hand crossbow     |       |       |       |    10 |       |       ||    10
Throw: Dart              |       |       |     2 |       |       |       ||     2
 Cast: Summon Small Mamm |    10 |       |       |       |       |       ||    10
       Call Imp          |     8 |    18 |    23 |    10 |    40 |    16 ||   115
       Call Canine Famil |       |    14 |    13 |    12 |    19 |     5 ||    63
       Confusing Touch   |       |       |     1 |       |       |       ||     1
       Summon Lightning  |       |       |     5 |    13 |    57 |    20 ||    95
       Borgnjor's Vile C |       |       |       |       |     1 |     1 ||     2
       Mephitic Cloud    |       |       |       |       |     8 |     5 ||    13
       Fireball          |       |       |       |       |       |     6 ||     6
Invok: Recall Ancestor   |       |       |     1 |       |     1 |     1 ||     3
       Ancestor Identity |       |       |     1 |       |       |       ||     1
       Ancestor Life: He |       |       |       |     1 |       |       ||     1
       Idealise          |       |       |       |       |     2 |       ||     2
Evoke: Wand              |       |       |       |       |     4 |     3 ||     7
       Lightning rod     |       |       |       |       |     4 |     3 ||     7
  Use: Scroll            |       |    12 |     3 |     9 |    11 |     5 ||    40
       Potion            |       |       |       |     1 |     5 |     4 ||    10
 Stab: Sleeping          |     9 |     2 |    12 |    12 |    21 |    25 ||    81
       Distracted        |     1 |     2 |     5 |    10 |    46 |     4 ||    68
       Confused          |       |       |       |     4 |    28 |    13 ||    45
       Petrifying        |       |       |       |       |     1 |       ||     1
       Petrified         |       |       |       |       |     1 |       ||     1
       Invisible         |       |       |       |       |     5 |       ||     5
       Paralysed         |       |       |       |       |    38 |    24 ||    62
  Eat: Chunk             |     2 |     7 |    12 |    11 |    41 |    10 ||    83
       Ration            |       |     1 |       |     3 |     3 |     4 ||    11
Armor: Robe              |    17 |       |       |       |       |       ||    17
       Ring mail         |    14 |    51 |    71 |   118 |   276 |       ||   530
       Scale mail        |       |       |       |       |    98 |   150 ||   248
Dodge: Dodged            |    74 |   125 |   119 |   239 |   972 |   280 ||  1809
Block: Buckler           |    10 |    26 |    43 |    95 |     4 |       ||   178
       Shield            |       |       |       |       |   803 |   350 ||  1153
       Reflection        |       |       |       |       |     5 |    11 ||    16
